[Event "Team 45 45 League T41"]
[Site "Internet Chess Club"]
[Date "2009.05.31"]
[Round "5"]
[White "Ickabod"]
[Black "Ianjo"]
[Result "0-1"]
[WhiteElo "1823"]
[BlackElo "1853"]
[Opening "Robatsch defense"]
[ECO "B06"]
[Time "11:03:03"]
[TimeControl "2700+45"]

1. e4 g6 2. d4 Bg7 3. Nc3 c5 4. Be3 Qa5 5. Bc4 Nf6 6. f3 cxd4 7. Bxd4 d6 8. Ne2
Nc6 9. a3 Nxd4 10. Nxd4 O-O 11. Qd2 Bd7 12. b4 Qc7 13. Bb3 Rac8 14. Nce2 e5 15.
c4 exd4 16. Nxd4 Rfe8 17. O-O Qb6 18. Kh1 Nxe4 19. fxe4 Qxd4 20. Qf4 Be6 21.
Rad1 Qe5 22. Qf2 b6 23. Ba4 Re7 24. Qd2 Rec7 25. c5 dxc5 26. bxc5 Rxc5 27. Qd3
Bc4 28. Qd7 Bxf1 29. Rxf1 Qe6 30. Qxa7 Rc1 31. Bb5 Rxf1+ 32. Bxf1 Rc1 {White
resigns} 0-1

[Event "Team 45 45 League T41"]
[Site "Internet Chess Club"]
[Date "2009.06.03"]
[Round "5"]
[White "Frieloe"]
[Black "MOchess-boy"]
[Result "1-0"]
[WhiteElo "1891"]
[BlackElo "1774"]
[Opening "Scandinavian defense, Lasker variation"]
[ECO "B01"]
[Time "11:05:01"]
[TimeControl "2700+45"]

1. e4 d5 2. exd5 Qxd5 3. Nc3 Qa5 4. d4 Nf6 5. Nf3 Bg4 6. h3 Bh5 7. g4 Bg6 8. Ne5
e6 9. h4 Bb4 10. Bd2 Bxc3 11. Bxc3 Qd5 12. f3 Nbd7 13. h5 Nxe5 14. dxe5 Bxc2 15.
Qxc2 Nxg4 16. Qa4+ {Black resigns} 1-0

[Event "Team 45 45 League T41"]
[Site "Internet Chess Club"]
[Date "2009.05.31"]
[Round "5"]
[White "raimundo"]
[Black "PersonX"]
[Result "0-1"]
[WhiteElo "1760"]
[BlackElo "1582"]
[Opening "Queen's gambit declined"]
[ECO "D30"]
[Time "21:09:27"]
[TimeControl "2700+45"]

1. d4 d5 2. c4 e6 3. Nf3 Nf6 4. g3 Bd7 5. Bg2 dxc4 6. Nbd2 Bb4 7. O-O Bxd2 8.
Nxd2 Bc6 9. Bxc6+ Nxc6 10. e3 Qd5 11. Qa4 b5 12. Qa6 Rb8 13. a4 O-O 14. axb5
Rxb5 15. e4 Nxe4 16. Nxe4 Rb6 17. Qa4 Qxe4 18. Qxc4 Nxd4 19. Be3 Nf3+ 20. Kg2
Nd2+ 21. Kg1 Nxc4 {White resigns} 0-1

[Event "Team 45 45 League T41"]
[Site "Internet Chess Club"]
[Date "2009.05.30"]
[Round "5"]
[White "SneakyRed"]
[Black "mfeatherston"]
[Result "1-0"]
[WhiteElo "1929"]
[BlackElo "1880"]
[Opening "Sicilian: Alapin's variation (2.c3)"]
[ECO "B22"]
[Time "15:02:25"]
[TimeControl "2700+45"]

1. e4 c5 2. c3 g6 3. Nf3 Bg7 4. d4 cxd4 5. cxd4 d5 6. exd5 Nf6 7. Bb5+ Nbd7 8.
d6 exd6 9. Qe2+ Qe7 10. Bf4 Qxe2+ 11. Bxe2 Ke7 12. O-O Nd5 13. Bg3 N7b6 14. Nbd2
h6 15. Rfe1 Be6 16. Rac1 Rac8 17. Ne4 Rhd8 18. Rxc8 Nxc8 19. Bc4 Ncb6 20. Bb3 a5
21. a3 g5 22. h3 a4 23. Ba2 Nf6 24. Nc3 Kd7 25. Bb1 Rc8 26. Bd3 Bc4 27. Bf5+ Be6
28. Bc2 Nfd5 29. Bxa4+ Nxa4 30. Nxa4 b5 31. Nc3 Nxc3 32. bxc3 Rxc3 33. Re3 Rc1+
34. Kh2 f5 35. Ne5+ dxe5 36. Bxe5 Bxe5+ 37. Rxe5 Rd1 38. Rxb5 Rxd4 39. Ra5 f4
40. a4 Bb3 41. Ra7+ Kc8 42. a5 Kb8 43. Ra6 h5 44. Rb6+ Ka7 45. Rxb3 Ra4 46. Rb5
Ka6 47. Rxg5 Rxa5 48. Rxa5+ Kxa5 49. g4 fxg3+ 50. Kxg3 Kb5 51. Kh4 Kc5 52. Kxh5
Kd5 53. f4 Ke6 54. Kg6 Ke7 55. f5 Kf8 56. h4 {Black resigns} 1-0

[Event "Team 45 45 League T41"]
[Site "Internet Chess Club"]
[Date "2009.06.01"]
[Round "5"]
[White "BigC"]
[Black "Rainbird"]
[Result "1-0"]
[WhiteElo "1932"]
[BlackElo "1725"]
[Opening "Alekhine's defense: modern, Schmid variation"]
[ECO "B04"]
[Time "12:00:08"]
[TimeControl "2700+45"]

1. e4 Nf6 2. e5 Nd5 3. d4 d6 4. Nf3 Nb6 5. a4 a5 6. Bb5+ c6 7. Bd3 g6 8. O-O Bg7
9. exd6 Qxd6 10. Re1 O-O 11. Qe2 Bg4 12. Qxe7 Qxe7 13. Rxe7 Bxf3 14. gxf3 N8d7
15. c3 Rfe8 16. Rxe8+ Rxe8 17. Kf1 Nd5 18. Nd2 Nf4 19. Bc2 Re2 20. Bb3 Re7 21.
Nc4 Nd3 22. Be3 c5 23. Rd1 cxd4 24. cxd4 Nb4 25. Nxa5 Nb6 26. d5 N4xd5 27. Bxd5
Rd7 28. Bxb6 {Black resigns} 1-0

[Event "Team 45 45 League T41"]
[Site "Internet Chess Club"]
[Date "2009.05.28"]
[Round "5"]
[White "azbycx"]
[Black "Philly-Boy"]
[Result "1-0"]
[WhiteElo "1792"]
[BlackElo "1848"]
[Opening "Queen's pawn game, Chigorin variation"]
[ECO "D02"]
[Time "22:02:10"]
[TimeControl "2700+45"]

1. d4 d5 2. Nf3 Nc6 3. g3 Bg4 4. Bg2 Qd7 5. O-O O-O-O 6. c3 f6 7. b4 e6 8. a4
Bd6 9. a5 Nge7 10. b5 Nb8 11. Qb3 e5 12. dxe5 fxe5 13. Be3 a6 14. bxa6 Nxa6 15.
Nbd2 c6 16. Rfc1 Rde8 17. Bb6 Ng6 18. e4 Bc5 19. Rab1 Bxb6 20. Qxb6 Qc7 21. Qe3
Rhf8 22. Rb6 Qf7 23. Rcb1 Re7 24. Ng5 Qe8 25. Bf1 h6 26. Bxa6 hxg5 27. Bxb7+ Kd7
28. Bxc6+ {Black resigns} 1-0

[Event "Team 45 45 League T41"]
[Site "Internet Chess Club"]
[Date "2009.05.30"]
[Round "5"]
[White "BrerRabbit"]
[Black "Duguesclin"]
[Result "0-1"]
[WhiteElo "1554"]
[BlackElo "1578"]
[Opening "English: symmetrical variation"]
[ECO "A30"]
[Time "11:04:14"]
[TimeControl "2700+45"]

1. c4 c5 2. g3 Nc6 3. Bg2 e6 4. Nf3 Nf6 5. Nc3 Be7 6. O-O O-O 7. d4 cxd4 8. Nxd4
Qb6 9. Nf3 a6 10. b3 Qa5 11. Qc2 d5 12. cxd5 exd5 13. Rd1 Be6 14. Bb2 Rac8 15.
Qd3 Rfd8 16. a3 d4 17. b4 dxc3 18. bxa5 Rxd3 19. Rxd3 cxb2 20. Rb1 Bf5 21. Rdd1
Bxb1 22. Rxb1 Bxa3 23. Nd2 Nxa5 24. Re1 Rc1 {White resigns} 0-1

[Event "Team 45 45 League T41"]
[Site "Internet Chess Club"]
[Date "2009.06.01"]
[Round "5"]
[White "makramkozman"]
[Black "tsia68"]
[Result "0-1"]
[WhiteElo "1748"]
[BlackElo "1915"]
[Opening "French: Two knights variation"]
[ECO "C00"]
[Time "16:01:17"]
[TimeControl "2700+45"]

1. e4 e6 2. Nf3 d5 3. Nc3 Nf6 4. e5 Nfd7 5. d4 c5 6. dxc5 Bxc5 7. Bf4 a6 8. Qd2
Nc6 9. O-O-O O-O 10. h4 b5 11. h5 Qc7 12. h6 g6 13. Bg3 b4 14. Na4 Be7 15. Qf4
a5 16. Bd3 Ba6 17. Bh4 Bxh4 18. Qxh4 Ncxe5 19. Nxe5 Qxe5 20. Bxa6 Rxa6 21. Qe7
Qd6 22. Qh4 f6 23. b3 Rc6 24. Rd2 Rfc8 25. Rh3 Qc7 26. Rhd3 Rxc2+ 27. Kd1 Rxd2+
28. Rxd2 Qc1+ 29. Ke2 Rc2 30. Qd4 Qxd2+ 31. Qxd2 Rxd2+ 32. Kxd2 Kf7 33. f3 e5
34. Nb2 Nc5 35. Nd1 d4 36. Nf2 f5 37. Nh3 Kf6 38. f4 exf4 39. Nxf4 g5 40. Ne2
Ke5 41. Ng1 g4 42. Ne2 f4 43. Ng1 Ke4 44. g3 f3 45. Ke1 Ke3 46. Kf1 d3 47. Ne2
{White resigns} 0-1

[Event "Team 45 45 League T41"]
[Site "Internet Chess Club"]
[Date "2009.05.31"]
[Round "5"]
[White "PJ"]
[Black "BigH"]
[Result "1/2-1/2"]
[WhiteElo "1750"]
[BlackElo "1748"]
[Opening "Sicilian: closed"]
[ECO "B24"]
[Time "14:06:07"]
[TimeControl "2700+45"]

1. e4 c5 2. Nc3 Nc6 3. g3 Nf6 4. Bg2 g6 5. d3 Bg7 6. Be3 b6 7. h3 d6 8. e5 Nxe5
9. Bxa8 Bg4 10. f3 Qxa8 11. hxg4 Nexg4 12. Qe2 d5 13. fxg4 d4 14. Rh2 dxc3 15.
bxc3 Nxg4 16. Bd2 Nxh2 17. Qxh2 O-O 18. Ne2 e5 19. Bh6 e4 20. Bxg7 Kxg7 21.
O-O-O e3 22. Rh1 h5 23. g4 Qd5 24. c4 Qf3 25. gxh5 g5 26. Ng3 f5 27. h6+ Kh7 28.
Rf1 Qg4 29. Qg2 Rf7 30. Qd5 Re7 31. Qxf5+ Qxf5 32. Nxf5 Re5 33. Nd6 g4 34. Ne4
Kxh6 35. Rh1+ Kg6 36. Kd1 Rf5 37. Ke2 Rf3 38. Nc3 Rf2+ 39. Kxe3 Rxc2 40. Nd5
Rxa2 41. Kf4 a5 42. Kxg4 Rb2 43. Re1 b5 44. Re6+ Kf7 45. Re7+ Kg6 46. Re6+ Kf7
47. Re7+ Kg6 48. cxb5 Rxb5 49. Re6+ Kf7 50. Kf5 Rb3 51. Re7+ Kf8 52. Rc7 Rxd3
53. Rxc5 a4 54. Ke6 a3 55. Ra5 Kg7 56. Ra7+ Kh6 57. Kf6 Rxd5 {Game drawn by
mutual agreement} 1/2-1/2

[Event "Team 45 45 League T41"]
[Site "Internet Chess Club"]
[Date "2009.05.29"]
[Round "5"]
[White "quotha"]
[Black "themis8"]
[Result "0-1"]
[WhiteElo "1677"]
[BlackElo "1856"]
[Opening "French defense, Steiner variation"]
[ECO "C00"]
[Time "15:03:38"]
[TimeControl "2700+45"]

1. e4 e6 2. c4 c5 3. Nf3 Nc6 4. Be2 Nf6 5. Nc3 Be7 6. O-O Qb6 7. h3 O-O 8. e5
Ne8 9. d3 d6 10. Na4 Qc7 11. exd6 Nxd6 12. Be3 b6 13. Bf4 Bb7 14. Nc3 Qd7 15. d4
cxd4 16. Nxd4 Rfd8 17. Ndb5 Nxb5 18. Nxb5 Qe8 19. Qc1 Bc5 20. Nc7 Nd4 21. Re1
Qc6 22. Bf1 Rac8 23. Nb5 Nf3+ 24. Kh1 Nxe1 25. Nxa7 Qe4 26. Nxc8 Nxg2 27. Ne7+
Bxe7 {White resigns} 0-1

[Event "Team 45 45 League T41"]
[Site "Internet Chess Club"]
[Date "2009.05.30"]
[Round "5"]
[White "Konstantinos"]
[Black "pelayo"]
[Result "0-1"]
[WhiteElo "1691"]
[BlackElo "1629"]
[Opening "Nimzo-Indian: Sämisch variation"]
[ECO "E24"]
[Time "09:07:49"]
[TimeControl "2700+45"]

1. d4 Nf6 2. c4 e6 3. Nc3 Bb4 4. a3 Bxc3+ 5. bxc3 d5 6. e3 Nbd7 7. Nf3 c5 8. Be2
Nb6 9. cxd5 Nbxd5 10. Qc2 cxd4 11. cxd4 Bd7 12. O-O Rc8 13. Qb3 Qb6 14. Rb1 Nc3
15. Bd3 Nxb1 16. Qxb6 axb6 17. Bxb1 Bb5 18. Re1 Nd5 19. Be4 Nc3 20. Kh1 Nxe4
{White resigns} 0-1

[Event "Team 45 45 League T41"]
[Site "Internet Chess Club"]
[Date "2009.05.30"]
[Round "5"]
[White "MRX"]
[Black "upsan"]
[Result "1/2-1/2"]
[WhiteElo "1767"]
[BlackElo "1784"]
[Opening "Réti opening"]
[ECO "A04"]
[Time "19:02:19"]
[TimeControl "2700+45"]

1. Nf3 e6 2. b3 f5 3. Bb2 Nf6 4. e3 Be7 5. d3 O-O 6. Be2 d5 7. Nbd2 c5 8. O-O
Nc6 9. Ne5 Nxe5 10. Bxe5 Nd7 11. Bb2 Nf6 12. Bf3 a5 13. Qe2 Qc7 14. Rfe1 a4 15.
c4 axb3 16. axb3 Bd7 17. Rxa8 Rxa8 18. Bxf6 Bxf6 19. cxd5 Ra2 20. Qd1 Bc3 21.
dxe6 Bxd2 22. Re2 Bxe6 23. Rxd2 Rxd2 24. Qxd2 Bxb3 25. Qc3 Be6 26. d4 b6 27.
dxc5 Qxc5 28. Qxc5 bxc5 29. Kf1 Kf7 30. Ke2 Ke7 31. Kd3 Kd6 32. e4 g6 33. h4 Ke5
34. exf5 Bxf5+ 35. Kc4 Be4 36. Bxe4 Kxe4 37. Kxc5 Kf4 38. Kd4 Kg4 39. Ke4 Kxh4
40. Kf4 Kh5 41. g3 Kh6 42. g4 Kg7 43. g5 h5 44. gxh6+ Kxh6 45. Kg4 {Game drawn
by mutual agreement} 1/2-1/2

[Event "Team 45 45 League T41"]
[Site "Internet Chess Club"]
[Date "2009.05.29"]
[Round "5"]
[White "qs16"]
[Black "viking99"]
[Result "0-1"]
[WhiteElo "1702"]
[BlackElo "1867"]
[Opening "Queen's pawn game"]
[ECO "A45"]
[Time "16:00:15"]
[TimeControl "2700+45"]

1. d4 Nf6 2. Nd2 d5 3. e3 g6 4. Bd3 Bg7 5. f4 c5 6. c3 c4 7. Bc2 Bg4 8. Ngf3 Nc6
9. O-O Qd7 10. Qe1 h6 11. Qh4 Bf5 12. Bxf5 Qxf5 13. Ne5 Rc8 14. Qe1 Ne4 15. Nxe4
Qxe4 16. Qg3 b5 17. Bd2 Qc2 18. Qf2 a6 19. b3 O-O 20. Rfc1 Qe4 21. bxc4 dxc4 22.
Nd7 Rfd8 23. Nc5 Qd5 24. e4 Qh5 25. e5 Nb8 26. Rf1 Qf5 27. Qh4 Rxc5 28. dxc5
Rxd2 29. Qxe7 Qd7 30. Qh4 Nc6 31. Rae1 h5 32. Qg5 Qe7 33. Qg3 Qxc5+ 34. Kh1 Rd3
35. Qg5 Qe7 36. Qxe7 Nxe7 37. e6 Bxc3 38. Re4 f5 39. Re2 Kg7 40. h3 Kf6 41. Kh2
h4 42. Rc1 Bd2 43. Rf1 b4 {White resigns} 0-1

[Event "Team 45 45 League T41"]
[Site "Internet Chess Club"]
[Date "2009.05.29"]
[Round "5"]
[White "Marichan"]
[Black "rom1"]
[Result "1-0"]
[WhiteElo "1886"]
[BlackElo "1600"]
[Opening "Alekhine's defense: modern variation, 4...Bg4"]
[ECO "B05"]
[Time "15:00:51"]
[TimeControl "2700+45"]

1. e4 Nf6 2. e5 Nd5 3. d4 d6 4. Nf3 Bg4 5. Be2 e6 6. O-O Be7 7. c4 Nb6 8. h3 Bh5
9. Nc3 O-O 10. Be3 h6 11. b3 dxe5 12. Nxe5 Bxe2 13. Qxe2 N8d7 14. f4 c6 15. Rad1
Nf6 16. g4 Bb4 17. Qc2 Nbd7 18. g5 Nh5 19. gxh6 Qh4 20. Nxd7 Ng3 21. Nxf8 Rxf8
22. hxg7 Rd8 23. Rf2 Bxc3 24. Qxc3 Ne4 25. Qd3 f5 26. Rg2 Qxh3 27. Bf2 Qh5 28.
Re1 Rd7 29. Re3 Nxf2 30. Kxf2 Qh4+ 31. Ke2 Qf6 32. Rh3 {Black resigns} 1-0

[Event "Team 45 45 League T41"]
[Site "Internet Chess Club"]
[Date "2009.06.01"]
[Round "5"]
[White "oldsj"]
[Black "DaveTheRook"]
[Result "0-1"]
[WhiteElo "1628"]
[BlackElo "1709"]
[Opening "Robatsch defense: Pseudo-Austrian attack"]
[ECO "B06"]
[Time "19:03:10"]
[TimeControl "2700+45"]

1. e4 g6 2. d4 d6 3. Nc3 Bg7 4. f4 c5 5. Nf3 cxd4 6. Bb5+ Bd7 7. Nxd4 a6 8.
Bxd7+ Nxd7 9. Be3 Qc7 10. Qd2 Rc8 11. Nd5 Qb8 12. c3 Ngf6 13. Qc2 Nxd5 14. exd5
Nf6 15. Qb3 Qc7 16. Qa4+ Qd7 17. Qxd7+ Kxd7 18. Ne2 Nxd5 19. Bd4 Bxd4 20. cxd4
Rc2 21. Rb1 Rhc8 22. g3 b5 23. a3 h5 24. Kf2 Nf6 25. h3 Ne4+ 26. Ke3 d5 27. g4
Nf6 28. g5 Ne4 29. Rhc1 Ke6 30. h4 Kf5 31. Rxc2 Rxc2 32. Kd3 Rc8 33. Rg1 Rc6 34.
Ke3 Rc2 {White forfeits on time} 0-1

[Event "Team 45 45 League T41"]
[Site "Internet Chess Club"]
[Date "2009.05.31"]
[Round "5"]
[White "spunni"]
[Black "shakkiipe"]
[Result "0-1"]
[WhiteElo "1890"]
[BlackElo "1857"]
[Opening "Pirc: Holmov system"]
[ECO "B07"]
[Time "14:30:12"]
[TimeControl "2700+45"]

1. e4 d6 2. d4 Nf6 3. Nc3 g6 4. Bc4 Bg7 5. Nf3 O-O 6. Qe2 c6 7. e5 dxe5 8. dxe5
Nd5 9. Bd2 Bg4 10. O-O-O e6 11. Rhe1 Nd7 12. Bxd5 cxd5 13. Bf4 a6 14. h3 Bxf3
15. Qxf3 b5 16. h4 b4 17. Na4 Qa5 18. Qb3 Rfc8 19. Rd4 Rc4 20. Ree4 Rac8 21. Kb1
dxe4 22. Rxd7 Rxc2 23. Be3 Bxe5 24. Nb6 R8c6 25. Qxc2 Rxc2 26. Kxc2 Qb5 27. g4
Kg7 28. h5 gxh5 29. gxh5 Qe2+ 30. Kb3 Qxb2+ 31. Kc4 Qc3# {White checkmated} 0-1

[Event "Team 45 45 League T41"]
[Site "Internet Chess Club"]
[Date "2009.05.30"]
[Round "5"]
[White "nas3"]
[Black "AronT"]
[Result "0-1"]
[WhiteElo "1758"]
[BlackElo "1880"]
[Opening "French: Winawer, advance, positional main line"]
[ECO "C19"]
[Time "22:00:07"]
[TimeControl "2700+45"]

1. e4 e6 2. d4 d5 3. Nc3 Bb4 4. e5 c5 5. a3 Bxc3+ 6. bxc3 Ne7 7. Nf3 Nbc6 8. Be2
O-O 9. O-O Nf5 10. Rb1 f6 11. Bf4 Qa5 12. g4 Nfe7 13. exf6 Rxf6 14. Bg5 Rf8 15.
Bc1 Qxc3 16. Bb2 Qa5 17. c4 Rf4 18. h3 cxd4 19. Bc1 Rf8 20. Nxd4 Qc3 21. Nxc6
bxc6 22. Rb3 Qa5 23. Bb2 Qc5 24. a4 Qd6 25. Qd4 Rf7 26. c5 Qf4 27. Qc3 Ng6 28.
Rb4 Qc7 29. f4 a5 30. Rd4 Ra7 31. Bd3 Nxf4 32. Kh1 e5 33. Rdxf4 exf4 34. Qd4 f3
35. Rf2 Qg3 36. Bf1 Rae7 37. Bc3 Re4 38. Qd2 Rxa4 39. Bd3 Ra3 40. Bd4 a4 41. Bb1
Qxh3+ 42. Kg1 {White resigns} 0-1

[Event "Team 45 45 League T41"]
[Site "Internet Chess Club"]
[Date "2009.05.31"]
[Round "5"]
[White "xt"]
[Black "Harmonicus"]
[Result "0-1"]
[WhiteElo "1592"]
[BlackElo "1843"]
[Opening "Scotch gambit: Dubois-Réti defense"]
[ECO "C55"]
[Time "22:04:58"]
[TimeControl "2700+45"]

1. e4 e5 2. Nf3 Nc6 3. Bc4 Nf6 4. d4 exd4 5. Nxd4 Nxe4 6. Bxf7+ Kxf7 7. Qh5+ g6
8. Qd5+ Kg7 9. Nxc6 bxc6 10. Qxe4 Ba6 11. Be3 Be7 12. Nd2 Bf6 13. O-O-O d5 14.
Qf4 Rf8 15. Qh6+ Kg8 16. Nb3 Bc4 17. Na5 Bxa2 18. b3 Qd6 19. Nc4 Qe7 20. Nb2 Qe5
21. Bd4 Bg5+ 22. Rd2 Bxh6 23. Bxe5 Rxf2 24. Bc3 c5 25. Nd3 Bxd2+ 26. Bxd2 Rxd2
27. Kxd2 c4 28. bxc4 Bxc4 29. Ne5 Bb5 30. Nf3 Re8 31. Nd4 Bd7 32. Ra1 Ra8 33.
Ra6 c5 34. Nb3 Bb5 35. Ra5 a6 36. Nxc5 Rf8 37. Ke3 Bc4 38. Nxa6 Ra8 39. Kd4 Rxa6
40. Rxa6 Bxa6 41. Kxd5 Bf1 42. g3 Kf7 43. c4 Ke7 44. c5 h5 45. Ke5 Bh3 46. Kd5
Kd7 47. Ke5 Kc6 48. Kd4 Bf1 49. h4 Bb5 50. Ke5 Kxc5 51. Kf4 Bd7 52. Kg5 Bf5 53.
Kf4 Kd4 54. Kf3 Ke5 55. Ke3 Be4 56. Kd2 Kf5 57. Ke3 Bb7 58. Ke2 Kg4 59. Kf2 Bc6
60. Kg1 Kxg3 61. Kf1 Kxh4 62. Kf2 Kh3 63. Kg1 g5 64. Kf2 g4 65. Kg1 g3 66. Kf1
Kh2 67. Ke2 g2 {White resigns} 0-1

[Event "Team 45 45 League T41"]
[Site "Internet Chess Club"]
[Date "2009.05.30"]
[Round "5"]
[White "cityprosecutor"]
[Black "Zebbile"]
[Result "0-1"]
[WhiteElo "1807"]
[BlackElo "2019"]
[Opening "Caro-Kann: exchange variation"]
[ECO "B13"]
[Time "09:19:37"]
[TimeControl "2700+45"]

1. e4 c6 2. d4 d5 3. exd5 cxd5 4. Bd3 Nc6 5. c3 g6 6. Bf4 Bg7 7. Nd2 Nh6 8. Ngf3
O-O 9. Qe2 f6 10. O-O-O e5 11. dxe5 fxe5 12. Bxh6 Bxh6 13. Nxe5 Nxe5 14. Qxe5
Rxf2 15. Kc2 Bg4 {White resigns} 0-1

[Event "Team 45 45 League T41"]
[Site "Internet Chess Club"]
[Date "2009.05.30"]
[Round "5"]
[White "pishd"]
[Black "kabindra"]
[Result "0-1"]
[WhiteElo "1711"]
[BlackElo "1778"]
[Opening "Queen's pawn: London system"]
[ECO "A45"]
[Time "10:06:13"]
[TimeControl "2700+45"]

1. d4 Nf6 2. Bf4 g6 3. e3 Bg7 4. Nd2 O-O 5. Ngf3 d6 6. h3 Bf5 7. g4 Bd7 8. Be2
c5 9. c3 Qb6 10. Nc4 Qc6 11. O-O b5 12. Na5 Qc7 13. Nb3 c4 14. Nbd2 Bc6 15. a4
a6 16. axb5 axb5 17. Rxa8 Bxa8 18. b3 cxb3 19. Qxb3 Nd5 20. Bxb5 Nxf4 21. exf4
e5 22. fxe5 dxe5 23. d5 Nd7 24. Ne4 Nf6 25. Nxf6+ Bxf6 26. Nd2 Rb8 27. c4 Qb6
28. Qf3 Be7 29. Rb1 Qa5 30. Qd3 Bc5 31. Ne4 Bd4 32. Nf6+ Kg7 33. g5 Qa2 34. Rf1
h5 35. Qf3 Qc2 36. Nd7 e4 37. Qf4 Re8 38. Nf6 Re5 39. Ne8+ Kf8 40. Qf6 Rxd5 41.
cxd5 Bxf6 42. gxf6 Bxd5 {White resigns} 0-1

[Event "Team 45 45 League T41"]
[Site "Internet Chess Club"]
[Date "2009.05.30"]
[Round "5"]
[White "chess9397"]
[Black "Bill-W"]
[Result "1/2-1/2"]
[WhiteElo "1825"]
[BlackElo "1810"]
[Opening "Sicilian: accelerated fianchetto, modern variation with Bc4"]
[ECO "B35"]
[Time "13:02:16"]
[TimeControl "2700+45"]

1. e4 c5 2. Nf3 g6 3. d4 cxd4 4. Nxd4 Nc6 5. Nc3 Bg7 6. Be3 Nf6 7. Bc4 O-O 8.
Bb3 a5 9. O-O d6 10. f3 Nxd4 11. Bxd4 Bd7 12. a4 Bc6 13. Kh1 Nd7 14. Bxg7 Kxg7
15. Qd4+ Kg8 16. Bd5 Qb6 17. Qxb6 Nxb6 18. Bxc6 bxc6 19. b3 e6 20. Rad1 d5 21.
Rfe1 Rfc8 22. Kg1 Nd7 23. Ne2 Nc5 24. Nf4 Rab8 25. Nd3 Na6 26. Ne5 Kg7 27. Re3
f6 28. Ng4 h5 29. Nf2 Kf7 30. e5 f5 31. f4 c5 32. h3 c4 33. Rc3 cxb3 34. Rxc8
Rxc8 35. cxb3 Nb4 36. Nd3 Na6 37. Rc1 Rxc1+ 38. Nxc1 Nb4 39. Kf2 Ke7 40. Ke3 Kd7
41. Ne2 Nc6 42. Nc1 Kc7 43. Nd3 Kb6 44. g3 Nd8 45. Kd4 Nc6+ 46. Ke3 Nb8 47. Kd4
Nd7 48. Ke3 Nc5 49. Nc1 Ne4 50. Ne2 Kc5 51. Nd4 Kb4 52. Nc6+ Kxb3 53. Nxa5+ Kxa4
54. Nc6 Nc5 55. Nd8 Kb4 56. Kd4 Nb3+ 57. Kd3 Nc5+ 58. Kd4 Nb3+ 59. Kd3 Kb5 60.
Nxe6 Nc5+ 61. Nxc5 Kxc5 62. Kc3 d4+ 63. Kd3 Kd5 64. e6 Kxe6 65. Kxd4 Kd6 66. h4
Ke6 67. Kc5 Ke7 68. Kd5 Kd7 69. Ke5 Ke7 70. Kd5 {Game drawn by mutual agreement}
1/2-1/2

[Event "Team 45 45 League T41"]
[Site "Internet Chess Club"]
[Date "2009.06.04"]
[Round "5"]
[White "scottrugby"]
[Black "chess9793"]
[Result "0-1"]
[WhiteElo "1491"]
[BlackElo "1871"]
[Opening "Sicilian: Grand Prix attack"]
[ECO "B23"]
[Time "20:02:36"]
[TimeControl "2700+45"]

1. e4 c5 2. Nc3 Nc6 3. f4 g6 4. Nf3 Bg7 5. Bb5 Nd4 6. O-O Nxb5 7. Nxb5 d5 8.
exd5 a6 9. Nc3 Nf6 10. d4 Nxd5 11. Nxd5 Qxd5 12. dxc5 Qxc5+ 13. Kh1 O-O 14. Qe2
Bf5 15. c3 Rfd8 16. Be3 Qc7 17. Nd4 Be4 18. Bg1 Bd5 19. f5 Bc4 20. Qf3 Bxf1 21.
Rxf1 Rf8 22. Qe4 Bf6 23. fxg6 hxg6 24. Bf2 Qc4 25. Ra1 e5 26. b3 {White resigns}
0-1

[Event "Team 45 45 League T41"]
[Site "Internet Chess Club"]
[Date "2009.05.31"]
[Round "5"]
[White "Merciful"]
[Black "imgr8"]
[Result "1/2-1/2"]
[WhiteElo "1912"]
[BlackElo "2025"]
[Opening "Sicilian: Nimzovich-Rossolimo attack (without ...d6)"]
[ECO "B30"]
[Time "09:11:47"]
[TimeControl "2700+45"]

1. e4 c5 2. Nf3 Nc6 3. Bb5 e6 4. Bxc6 bxc6 5. d3 d5 6. O-O Nf6 7. Qe2 Be7 8. Nc3
O-O 9. Na4 Ba6 10. c4 Re8 11. b3 Qc7 12. Bg5 h6 13. Bh4 Rad8 14. Rac1 Qa5 15.
Ne5 Bb7 16. Qe3 g5 17. Bxg5 hxg5 18. Qxg5+ Kf8 19. Qh6+ Kg8 20. Qg5+ Kf8 21.
Qh6+ Kg8 22. Qg5+ Kf8 {Game drawn by repetition} 1/2-1/2

[Event "Team 45 45 League T41"]
[Site "Internet Chess Club"]
[Date "2009.05.29"]
[Round "5"]
[White "proudchess"]
[Black "Hubris123"]
[Result "1-0"]
[WhiteElo "1946"]
[BlackElo "2020"]
[Opening "Alekhine's defense: Scandinavian variation"]
[ECO "B02"]
[Time "12:00:11"]
[TimeControl "2700+45"]

1. e4 Nf6 2. Nc3 d5 3. e5 d4 4. exf6 dxc3 5. fxg7 cxd2+ 6. Qxd2 Qxd2+ 7. Bxd2
Bxg7 8. O-O-O Bf5 9. Nf3 Nd7 10. Be3 Nb6 11. Nd4 Bg6 12. Bb5+ Kf8 13. Rhe1 c6
14. Be2 Nd5 15. Bg5 e5 16. Nb3 Nb4 17. Rd7 Nxa2+ 18. Kd2 Nb4 19. Rxb7 Nxc2 20.
Rc1 f6 21. Rxc2 Bxc2 22. Kxc2 fxg5 23. Nc5 Re8 24. Bh5 Bf6 25. Rf7+ Kg8 26. Rxf6
Rf8 27. Rxc6 Rxf2+ 28. Kb3 Kg7 29. Rc7+ Kh6 30. Bf3 g4 31. Be4 Rb8+ 32. Kc4
Rfxb2 33. Rxh7+ Kg5 34. Rxa7 R2b4+ 35. Kd5 Re8 36. Rg7+ Kf6 37. Rg6+ Kf7 38.
Rxg4 Rd4+ 39. Kc6 Rc8+ 40. Kb5 Rb8+ 41. Ka6 Rd2 42. Bb7 Rd6+ 43. Ka7 Re8 44. Ne4
Rd7 45. Rh4 Kg6 46. Rh3 Ree7 47. Rb3 Rd4 48. Rb6+ Kg7 49. Nd6 Ra4+ 50. Kb8 Rf4
51. g4 Kf6 52. h3 Rh7 53. Ne4+ Kg7 54. Ng5 Rh8+ 55. Kc7 Rf6 56. Rb5 Re8 57. Kd7
Rb8 58. h4 Rg6 59. Rb1 Rh8 60. Ne6+ Kf7 61. Rf1+ Rf6 62. Ng5+ Kg6 63. Be4+ Kg7
64. Rxf6 Kxf6 65. Nh7+ Kg7 66. Kd6 Rd8+ 67. Kxe5 Re8+ 68. Kf4 {Black resigns}
1-0

[Event "Team 45 45 League T41"]
[Site "Internet Chess Club"]
[Date "2009.05.31"]
[Round "5"]
[White "upsan"]
[Black "snottgoblin"]
[Result "1/2-1/2"]
[WhiteElo "1793"]
[BlackElo "2009"]
[Opening "Sicilian"]
[ECO "B50"]
[Time "10:00:06"]
[TimeControl "2700+45"]

1. e4 c5 2. Nf3 d6 3. c4 Nc6 4. Nc3 Bg4 5. Be2 Nf6 6. O-O e6 7. d3 Be7 8. Be3
O-O 9. h3 Bxf3 10. Bxf3 Nd7 11. Be2 a6 12. f4 Bf6 13. f5 Nd4 14. fxe6 fxe6 15.
Bg4 Qe7 16. Qd2 Ne5 17. Bd1 Nec6 18. Ne2 Nxe2+ 19. Bxe2 Bd4 20. Rxf8+ Rxf8 21.
Bxd4 Nxd4 22. Rf1 {Game drawn by mutual agreement} 1/2-1/2

[Event "Team 45 45 League T41"]
[Site "Internet Chess Club"]
[Date "2009.05.28"]
[Round "5"]
[White "Nosferatu1"]
[Black "cityprosecutor"]
[Result "1-0"]
[WhiteElo "1919"]
[BlackElo "1815"]
[Opening "Benkö gambit"]
[ECO "A57"]
[Time "18:00:07"]
[TimeControl "2700+45"]

1. d4 Nf6 2. c4 c5 3. d5 b5 4. Qc2 Na6 5. Nc3 bxc4 6. e4 Nb4 7. Qd1 Ba6 8. e5
Ng8 9. Nf3 e6 10. d6 f6 11. Bf4 g6 12. Be2 Nd3+ 13. Bxd3 cxd3 14. Qa4 Qb6 15.
O-O Bh6 16. Bxh6 Nxh6 17. Ne4 O-O 18. Nxf6+ Rxf6 19. exf6 Qxd6 20. b3 e5 21.
Nxe5 Qxe5 22. Qxa6 d2 23. Qd3 Ng4 24. Qc4+ Kf8 25. Qxg4 Re8 26. Rad1 Qb2 27.
Qxd7 {Black resigns} 1-0

[Event "Team 45 45 League T41"]
[Site "Internet Chess Club"]
[Date "2009.05.31"]
[Round "5"]
[White "Campagnolo"]
[Black "JamesWu"]
[Result "0-1"]
[WhiteElo "2017"]
[BlackElo "1948"]
[Opening "Sicilian: Richter-Rauzer, Rauzer attack, 7...Be7"]
[ECO "B63"]
[Time "21:03:35"]
[TimeControl "2700+45"]

1. Nf3 c5 2. e4 Nc6 3. d4 cxd4 4. Nxd4 Nf6 5. Nc3 d6 6. Bg5 e6 7. Qd2 Be7 8.
O-O-O Nxd4 9. Qxd4 a6 10. e5 dxe5 11. Qxe5 Bd7 12. h4 Rc8 13. Rh3 Rc5 14. Qd4
Qc7 15. Bf4 e5 16. Bxe5 Qxe5 17. Re3 Qxd4 18. Rxd4 Be6 19. g4 Nxg4 20. Rxe6 fxe6
21. Rxg4 O-O 22. Ne4 Rh5 23. Bc4 Rxh4 24. Bxe6+ Kh8 25. Kd2 Rxg4 26. Bxg4 g6 27.
Ke2 h5 28. Be6 Kg7 29. c4 b6 30. b3 a5 31. f3 g5 32. Ke3 Bc5+ 33. Nxc5 bxc5 34.
Bd5 Kf6 35. Be4 Rd8 {White resigns} 0-1